 Dungeon Crawl Stone Soup version 0.29-a0-925-g0a7a3d12f8 (webtiles) character file.

Game seed: 15357450972551837281

12887 quixfox the Geomancer (level 12, -2/73 HPs)
             Began as a Gargoyle Earth Elementalist on July 30, 2022.
             Was a Priest of Vehumet.
             Slain by a deep troll (13 damage)
             ... on level 1 of the Lair of Beasts.
             The game lasted 00:37:05 (15028 turns).

quixfox the Geomancer (GrEE)                       Turns: 15028, Time: 00:37:06

Health: -2/73      AC: 14    Str: 13    XL:     12   Next: 0%
Magic:  11/24      EV: 13    Int: 26    God:    Vehumet [***...]
Gold:   1301       SH:  0    Dex: 10    Spells: 16/27 levels left

rFire   . . .      SeeInvis .   p - +9 whip of the Depths {vorpal, rElec rPois Will+++ Stlth-}
rCold   + . .      Faith    .   (no shield)
rNeg    + . .      Spirit   .   d - +0 robe of Distant Worlds {rC+ Archmagi}
rPois   ∞          Reflect  .   z - +2 helmet
rElec   +          Harm     .   (no cloak)
rCorr   +          Rampage  .   (no gloves)
Will    +++..      Archmagi +   (no boots)
Stlth   +.........              v - amulet of Surghoq {Acrobat rCorr}
HPRegen 0.22/turn               w - ring of wizardry
MPRegen 0.19/turn               I - +6 ring of intelligence

@: about to teleport
A: sickness immunity, AC +8, negative energy resistance 1, electricity
resistance, torment resistance 1, petrification resistance
a: Renounce Religion


You were on level 1 of the Lair of Beasts.
You worshipped Vehumet.
Vehumet was most pleased with you.
You visited 2 branches of the dungeon, and saw 12 of its levels.
You also visited: Sewer.

You collected 1301 gold pieces.

Inventory:

Hand Weapons
 p - the +9 whip of the Depths (weapon) {vorpal, rElec rPois Will+++ Stlth-}
   (You found it on level 3 of the Dungeon)

   It inflicts extra damage upon your enemies.
   rElec:     It insulates you from electricity.
   rPois:     It protects you from poison.
   Will:      It greatly increases your willpower.
   Stlth:     It makes you less stealthy.
 H - the +7 war axe of Crystal {vorpal, rC+ Dex+2}
   (You found it on level 7 of the Dungeon)

   It inflicts extra damage upon your enemies.
   Dex:       It affects your dexterity (+2).
   rC:        It protects you from cold.
Missiles
 o - a throwing net
Armour
 a - a +2 troll leather armour {Snorg}
 d - the +0 robe of Distant Worlds (worn) {rC+ Archmagi}
   (You found it on level 3 of the Dungeon)

   rC:        It protects you from cold.
   Archmagi:  It increases the power of your magical spells.
 z - a +2 helmet (worn)
Jewellery
 r - a ring of protection from fire
 s - a ring of flight
 v - the amulet of Surghoq (around neck) {Acrobat rCorr}
   (You acquired it on level 1 of the Lair of Beasts)

   [amulet of the acrobat]

   It increases your evasion while moving and waiting.
   rCorr:     It protects you from acid and corrosion.
 w - a ring of wizardry (left hand)
 x - a +6 ring of dexterity
 I - a +6 ring of intelligence (right hand)
 M - a ring of protection from fire
Wands
 l - a wand of flame (47)
 u - a wand of paralysis (10)
 G - a wand of acid (23)
 L - a wand of digging (8)
Scrolls
 g - 3 scrolls of amnesia
 q - 2 scrolls of poison
 t - a scroll of teleportation
 y - 3 scrolls of immolation
Potions
 b - 3 potions of magic
 c - 6 potions of curing
 f - 2 potions of brilliance
 h - 2 potions of haste
 i - 2 potions of flight
 j - 2 potions of attraction
 k - a potion of lignification
 n - 2 potions of mutation {unknown}
 B - 2 potions of cancellation
 J - a potion of ambrosia


   Skills:
 + Level 7.9 Fighting
 - Level 6.2 Maces & Flails
 - Level 4.6 Armour
 + Level 4.2 Dodging
 - Level 2.1 Stealth
 + Level 8.1 Spellcasting
 + Level 8.9 Conjurations
 - Level 0.7 Transmutations
 + Level 10.8 Earth Magic
 + Level 3.0 Evocations


You had 16 spell levels left.
You knew the following spells:

 Your Spells              Type           Power      Damage    Failure   Level
a - Sandblast             Erth           100%       2d20      1%          1
b - Passwall              Tmut/Erth      47%        N/A       1%          2
c - Stone Arrow           Conj/Erth      100%       3d13      1%          3
d - Lee's Rapid Deconstr  Erth           39%        3d20*     1%          5

Your spell library contained the following spells:

 Spells                   Type           Power      Damage    Failure   Level
 Airstrike                Air            7%         0-4+      7%          4
 Fulminant Prism          Conj/Hex       25%        3d14      1%          4
 Iskenderun's Mystic Bla  Conj/Tloc      50%        2d11      1%          4
 Apportation              Tloc           30%        N/A       2%          1
 Leda's Liquefaction      Hex/Erth       27%        N/A       2%          4
 Petrify                  Tmut/Erth      57%        N/A       2%          4
 Call Canine Familiar     Summ           15%        N/A       7%          3
 Confusing Touch          Hex            15%        N/A       7%          3
 Portal Projectile        Hex/Tloc       30%        N/A       7%          3
 Yara's Violent Unravell  Hex/Tmut       9%         3d6       14%         5
 Alistair's Intoxication  Tmut/Pois      12%        N/A       45%         5
 Enfeeble                 Hex            7%         N/A       100%        7


Dungeon Overview and Level Annotations

Branches:
Dungeon (11/15)            Temple (0/1) D:7            Lair (1/5) D:10
    Orc (0/2) D:10          Sewer (visited)

Altars:
Dithmenos
Fedhas
Hepliaklqana
Okawaru
Vehumet
Wu Jian
The Shining One

Shops:
D:3 (

Annotations:
D:9 3 runed translucent doors, quixfox's ghost, journeyman GrEE


Innate Abilities, Weirdness & Mutations

You are immune to sickness and miasma.
Your stone body is resilient. (AC +8)
You are immune to poison.
You resist negative energy. (rN+)
You are resistant to electric shocks. (rElec)
You are resistant to unholy torment.
You are immune to petrification.


Message History

You feel a surge of power!
The blast of sand hits the deep troll but does no damage.
The deep troll is heavily wounded.
The deep troll barely misses you. The deep troll claws you!
* * * LOW HITPOINT WARNING * * *
The deep troll claws you but does no damage.
The deep troll bites you but does no damage.
The deep troll claws you but does no damage.
The deep troll claws you!
* * * LOW HITPOINT WARNING * * *
You feel much better. The deep troll misses you.
The deep troll barely misses you. The deep troll claws you!
Aiming: Sandblast (safe; 1% risk of failure)
Press: ? - help, Q - select action, (/) - cycle Shift-Dir - straight line, f/p - deep troll
Aim: a deep troll (heavily wounded, 85% to hit)
You feel a surge of power!
The blast of sand hits the deep troll!
The deep troll is heavily wounded.
The deep troll barely misses you. The deep troll claws you.
The deep troll closely misses you.
The deep troll bites you but does no damage.
The deep troll claws you but does no damage. x2
Aiming: Sandblast (safe; 1% risk of failure)
Press: ? - help, Q - select action, (/) - cycle Shift-Dir - straight line, f/p - deep troll
Aim: a deep troll (heavily wounded, 85% to hit)
You feel a surge of power!
The blast of sand misses the deep troll.
The deep troll closely misses you. The deep troll claws you!
* * * LOW HITPOINT WARNING * * *
The deep troll completely misses you. The deep troll closely misses you.
The deep troll misses you. The deep troll claws you.
* * * LOW HITPOINT WARNING * * *
Okay, then.
Blink to where?
Press: ? - help, Dir - move target, p - deep troll
As you read the scroll of blinking, it crumbles to dust.
As you read the scroll of teleportation, it crumbles to dust.
You feel strangely unstable.
The deep troll attacks as you move away!
The deep troll bites you!
You die...

### #.† #†○.
^.### ## #.^#
##.# ###T#
###... #..##
#....
#.###########..#
#..T@......##..#
###.###........#
### ###
#####....####..
##P..##....
##........
##.......
##.......
##........
#P........


You could see a deep troll.

Vanquished Creatures
  Snorg (D:10)
  Harold (D:9)
  A catoblepas (Lair:1)
  Joseph (D:9)
  Maggie (D:7)
  2 cane toads (Lair:1)
  5 komodo dragons
  3 trolls
  Prince Ribbit (D:6)
  2 hornets (D:7)
  3 shadows (D:10)
  3 wyverns
  13 yaks
  2 steam dragons (D:8)
  2 acid dragons
  2 water moccasins
  3 ice beasts
  2 orc warriors
  2 black bears
  A centaur (D:7)
  An ogre (D:7)
  3 phantoms
  3 kobold brigands
  6 bullfrogs
  A necrophage (D:4)
  2 scorpions
  4 wights (D:6)
  9 killer bees
  6 howler monkeys
  An electric eel (Lair:1)
  5 hounds
  3 gnoll boudas
  9 orc priests
  2 iguanas
  10 orc wizards
  10 gnolls
  9 adders
  7 river rats
  3 shadow imps
  3 white imps
  An ufetubus (D:4)
  A worm (D:2)
  2 dart slugs
  34 orcs
  13 ball pythons
  6 bats
  11 endoplasms
  4 giant cockroaches
  8 goblins
  5 hobgoblins
  7 quokkas
  9 frilled lizards
  19 kobolds
  19 rats
287 creatures vanquished.

Vanquished Creatures (collateral kills)
  A goblin (D:3)
1 creature vanquished.

Grand Total: 288 creatures vanquished

Notes
Turn   | Place    | Note
-------+----------+-------------------------------------------
     0 | D:1      | quixfox the Gargoyle Earth Elementalist began the quest for
                  | the Orb.
     0 | D:1      | Reached XP level 1. HP: 10/10 MP: 3/3
   111 | D:1      | Reached skill level 4 in Earth Magic
   111 | D:1      | Reached XP level 2. HP: 15/15 MP: 3/5
   220 | D:1      | Noticed a shining eye
   224 | D:1      | Noticed a shining eye
   236 | D:1      | Found a faded altar of an unknown god.
   239 | D:1      | Noticed a floating eye
   239 | D:1      | Noticed an eye of devastation
   336 | D:1      | Reached XP level 3. HP: 17/19 MP: 0/6
  1135 | D:2      | Learned a level 2 spell: Passwall
  1139 | D:2      | Learned a level 3 spell: Stone Arrow
  1361 | D:2      | Reached XP level 4. HP: 24/24 MP: 5/8
  1717 | D:3      | Found Zynniak's Antique Weapon Boutique.
  1766 | D:3      | Identified the +0 robe of Distant Worlds {rC+ Archmagi}
  1838 | D:3      | Reached skill level 1 in Conjurations
  1839 | D:3      | Found a glowing drain.
  1848 | Sewer    | Entered a sewer
  1850 | Sewer    | Reached skill level 5 in Earth Magic
  1980 | Sewer    | Reached XP level 5. HP: 28/28 MP: 5/10
  2669 | D:3      | Reached XP level 6. HP: 32/32 MP: 9/11
  2802 | D:3      | Identified the +9 whip of the Depths {vorpal, rElec rPois
                  | Will+++ Stlth-}
  3258 | D:4      | Reached skill level 6 in Earth Magic
  3687 | D:4      | Reached XP level 7. HP: 35/36 MP: 9/13
  4266 | D:4      | Reached skill level 1 in Fighting
  4267 | D:4      | Reached skill level 1 in Maces & Flails
  4350 | D:5      | Entered Level 5 of the Dungeon
  4553 | D:5      | Found a radiant altar of Vehumet.
  4561 | D:5      | Became a worshipper of Vehumet
  4685 | D:5      | Reached skill level 5 in Spellcasting
  4685 | D:5      | Reached skill level 7 in Earth Magic
  4685 | D:5      | Reached XP level 8. HP: 44/44 MP: 11/15
  4723 | D:5      | Found an iron altar of Okawaru.
  4948 | D:5      | Found a shadowy altar of Dithmenos.
  4951 | D:5      | Found an ornate altar of the Wu Jian Council.
  5300 | D:6      | Noticed Prince Ribbit
  5305 | D:6      | Killed Prince Ribbit
  5306 | D:6      | Reached skill level 5 in Conjurations
  5842 | D:6      | Reached XP level 9. HP: 18/52 MP: 7/17
  6259 | D:7      | Noticed a hornet
  6267 | D:7      | Reached * piety under Vehumet
  6267 | D:7      | Offered knowledge of Magic Dart by Vehumet.
  6296 | D:7      | Killed a hornet
  6297 | D:7      | Reached skill level 8 in Earth Magic
  6536 | D:7      | Found a staircase to the Ecumenical Temple.
  6700 | D:7      | Noticed Maggie
  6708 | D:7      | Killed Maggie
  6769 | D:7      | Found a glowing golden altar of the Shining One.
  7089 | D:7      | Reached skill level 5 in Fighting
  7119 | D:7      | Noticed a hornet
  7126 | D:7      | Killed a hornet
  7127 | D:7      | Reached XP level 10. HP: 21/59 MP: 14/19
  7463 | D:7      | Identified the +7 war axe of Crystal {vorpal, rC+ Dex+2}
  8014 | D:8      | Reached skill level 9 in Earth Magic
  8014 | D:8      | Offered knowledge of Shock by Vehumet.
  8015 | D:8      | Reached skill level 5 in Maces & Flails
  8228 | D:8      | Found a blossoming altar of Fedhas.
  8243 | D:8      | Reached ** piety under Vehumet
  8623 | D:8      | Found a hazy altar of Hepliaklqana.
  8707 | D:9      | Identified 3 scrolls of acquirement
  8707 | D:9      | Acquired a book of Blasting
  8715 | D:9      | Learned a level 5 spell: Lee's Rapid Deconstruction
  8933 | D:9      | Found a runed translucent gate.
  8933 | D:9      | Found a runed translucent gate.
  8933 | D:9      | Found a runed translucent gate.
  8934 | D:9      | Noticed quixfox's ghost (journeyman GrEE)
  8934 | D:9      | Noticed a kobold demonologist
  8935 | D:9      | Noticed a kobold demonologist
  9303 | D:9      | Noticed Harold
  9318 | D:9      | Killed Harold
  9319 | D:9      | Reached skill level 1 in Armour
  9617 | D:9      | Noticed Joseph
  9623 | D:9      | Killed Joseph
 10055 | D:9      | Offered knowledge of Frozen Ramparts by Vehumet.
 10145 | D:9      | Reached XP level 11. HP: 66/66 MP: 14/21
 10312 | D:10     | Entered Level 10 of the Dungeon
 10355 | D:10     | Reached *** piety under Vehumet
 10360 | D:10     | Reached skill level 10 in Earth Magic
 10545 | D:10     | Found a staircase to the Orcish Mines.
 11257 | D:10     | Reached skill level 1 in Evocations
 11686 | D:10     | Offered knowledge of Airstrike by Vehumet.
 12088 | D:10     | Found a staircase to the Lair.
 12498 | D:11     | Noticed Snorg
 12498 | D:11     | Noticed a two-headed ogre
 12505 | D:10     | Killed Snorg
 13081 | Lair:1   | Entered Level 1 of the Lair of Beasts
 13695 | Lair:1   | Acquired the amulet of Surghoq {Acrobat rCorr}
 13702 | Lair:1   | Acquired 359 gold pieces
 13781 | Lair:1   | Found a shadowy altar of Dithmenos.
 14007 | Lair:1   | Noticed a catoblepas
 14896 | Lair:1   | Killed a catoblepas
 14897 | Lair:1   | Reached XP level 12. HP: 53/73 MP: 24/24
 15028 | Lair:1   | Slain by a deep troll

Illustrated notes

Levels and vault maps discovered:
D:1:      heliophobic_arrival_enchanted_forest, layout_rooms,
          hellmonk_ecumenical_altar_watching_god
D:2:      layout_basic
D:3:      layout_rooms, serial_shops, nicolae_shop_advertising_works
          [nicolae_subvault_shop_adworks], portal_sewer_entry_b
D:4:      layout_gridville, dreamdust_wishing_well, chequers_jeans
D:5:      layout_gridville, kennysheep_okawaru_gauntlet,
          nicolae_overflow_squiral, mainiacjoe_overflow_small_starburst,
          nicolae_sextant
D:6:      layout_loops_ring, uniq_prince_ribbit1
D:7:      layout_basic, mainiacjoe_overflow_boulevard,
          minmay_temple_entry_wispy, uniq_maggie
D:8:      layout_loops_ring, lemuel_round_altar, nzn_hepliaklqana_mist_gate,
          minivault_23, nicolae_elevator_lobby_asterisk
D:9:      layout_roguey, gammafunk_ghost_nasty_kobolds, uniq_harold, uniq_joseph
D:10:     layout_basic, erik_lair_dragon, kennysheep_nub
D:11:     layout_irregular_city, gauntlet_entry_generic, uniq_snorg
Lair:1:   dreamdust_cave_troll, layout_cave_pods, basic_altar,
          lemuel_fruit_fields, serial_bayou_shore_a

Skill      XL: |  1  2  3  4  5  6  7  8  9 10 11 |
---------------+----------------------------------+-----
Earth Magic    | 4 5 6 7 8 9 10 | 10.8
Spellcasting   | 3 4 5 6 7 8 |  8.1
Conjurations   | 1 2 3 4 5 6 7 8 |  8.9
Fighting       | 2 3 5 6 7 |  7.9
Maces & Flails | 1 3 4 5 6 |  6.2
Dodging        | 2 3 4 |  4.2
Armour         | 2 4 |  4.6
Evocations     | 3 |  3.0
Stealth        | |  2.1
Transmutations | |  0.7

Action                   |  1- 3 |  4- 6 |  7- 9 | 10-12 || total
-------------------------+-------+-------+-------+-------++-------
Melee: Whip              |    10 |    11 |    13 |    32 ||    66
       Punch             |       |       |       |     2 ||     2
 Cast: Sandblast         |    59 |    83 |   138 |   179 ||   459
       Lee's Rapid Decon |       |       |       |    27 ||    27
       Passwall          |       |       |       |     1 ||     1
Evoke: Wand              |       |       |     1 |     4 ||     5
  Use: Scroll            |       |     6 |     6 |    21 ||    33
       Potion            |       |       |     1 |     6 ||     7
Armor: Robe              |     9 |    20 |    12 |    98 ||   139
Dodge: Dodged            |    24 |    29 |    66 |   117 ||   236

Table legend: (Time is in decaauts)
 A = Elapsed time spent in this place.
 B = Non-inter-level travel time spent in this place.
 C = Inter-level travel time spent in this place.
 D = Time resting spent in this place.
 E = Time spent auto-exploring this place.
 F = Levels seen in this place.
 G = Mean time per level.
                   A        B        C        D        E       F      G
               +--------+--------+--------+--------+--------+-----+--------+
         Total |  15537 |  15049 |    488 |   3841 |   8828 |  13 | 1195.2 |
       Dungeon |  13377 |  12890 |    487 |   3123 |   7673 |  11 | 1216.1 |
          Lair |   1400 |   1400 |      0 |    523 |    749 |   1 | 1400.0 |
         Sewer |    758 |    758 |      0 |    195 |    405 |   1 |  758.0 |
               +--------+--------+--------+--------+--------+-----+--------+

Top non-repeatable levels by time:
    D:10: 3211 daAuts
     D:9: 1663 daAuts
     D:7: 1542 daAuts
     D:4: 1436 daAuts
  Lair:1: 1400 daAuts
     D:6: 1058 daAuts
     D:8: 1049 daAuts
     D:2: 944 daAuts
     D:5: 858 daAuts
     D:1: 761 daAuts
   Sewer: 758 daAuts
     D:3: 645 daAuts
    D:11: 206 daAuts
